 Dungeon Crawl Stone Soup version 0.28.0-53-g5a82cb258f (webtiles) character file.

Game seed: 10873096591734130745

188460 Gabide the Spry (level 18, -1/232 HPs)
             Began as a Human Monk on June 19, 2022.
             Was an Elder of Elyvilon.
             Succumbed to Aizul's bolt of poison
             ... on level 1 of the Snake Pit.
             The game lasted 01:59:55 (45776 turns).

Gabide the Spry (Human Monk)                       Turns: 45776, Time: 01:59:56

Health: -1/232     AC: 29    Str: 15    XL:     18   Next: 75%
Magic:  4/25       EV:  2    Int:  9    God:    Elyvilon [****..]
Gold:   1334       SH:  0    Dex: 27    Spells: 17/17 levels left

rFire   . . .      SeeInvis .     - Unarmed
rCold   . . .      Faith    .   (no shield)
rNeg    . . .      Spirit   +   (armour currently unavailable)
rPois   +          Reflect  .   (helmet currently unavailable)
rElec   .          Harm     .   (cloak currently unavailable)
rCorr   .          Rampage  .   (gloves currently unavailable)
Will    ++...      Clarity  +   (boots currently unavailable)
Stlth   +++....... NoTele   +   I - amulet of Engatokh {Spirit -Cast Str+3 Dex+4}
HPRegen 0.48/turn  NoCast   +   R - +4 ring of slaying
MPRegen 0.19/turn               p - ring of willpower

@: mighty, lethally poisoned (-1 -> -25), tree-form, studying 2 skills
A: stationary, stasis, torment immunity, boosted hp, clarity, dopey 1
}: 1/15 runes: barnacled
a: Renounce Religion, Purification, Heal Other, Heal Self


You were on level 1 of the Snake Pit.
You worshipped Elyvilon.
Elyvilon was greatly pleased with you.
You were a tree.
You visited 5 branches of the dungeon, and saw 27 of its levels.
You also visited: Trove, Ossuary and Ice Cave.

You collected 2409 gold pieces.
You spent 1075 gold pieces at shops.

Inventory:

Hand Weapons
 g - a +7 short sword of electrocution
Missiles
 a - 41 boomerangs (quivered)
 n - 2 throwing nets
 S - 2 silver boomerangs
Armour
 c - a +6 scale mail of cold resistance (melded)
 i - a +2 helmet (melded)
 o - a scarf of resistance
 y - the +5 chain mail "Wennac" {-Cast Will+ rCorr}
   (You found it in a treasure trove)

   -Cast:     It prevents spellcasting.
   rCorr:     It protects you from acid and corrosion.
   Will:      It increases your willpower.
 A - a +1 cloak (melded)
 E - a +1 pair of gloves (melded)
 Q - a +2 pair of boots of rampaging (melded)
Jewellery
 f - an amulet of magic regeneration
 m - a ring of positive energy
 p - a ring of willpower (right branch)
 r - an amulet of guardian spirit
 v - the ring of Naotz {Fire rElec}
   (You found it on level 13 of the Dungeon)

   [ring of fire]

   It enhances your fire magic.
   rF:        It protects you from fire.
   rC:        It makes you vulnerable to cold.
   rElec:     It insulates you from electricity.
 D - the amulet of Free Will {Acrobat rCorr Dex+3}
   (You found it in a treasure trove)

   [amulet of the acrobat]

   It increases your evasion while moving and waiting.
   Dex:       It affects your dexterity (+3).
   rCorr:     It protects you from acid and corrosion.
 H - an amulet of regeneration
 I - the amulet of Engatokh (around neck) {Spirit -Cast Str+3 Dex+4}
   (You found it in a treasure trove)

   [amulet of guardian spirit]

   It causes incoming damage to be divided between your reserves of health and
   magic.
   Str:       It affects your strength (+3).
   Dex:       It affects your dexterity (+4).
   -Cast:     It prevents spellcasting.
 M - a ring of resist corrosion
 R - a +4 ring of slaying (left branch)
 W - the ring "Oblaj" {rC+ Int-3 Dex+3 SInv}
   (You found it on level 4 of the Shoals)

   [ring of see invisible]

   Int:       It affects your intelligence (-3).
   Dex:       It affects your dexterity (+3).
   rC:        It protects you from cold.
   SInv:      It lets you see invisible.
Wands
 h - a wand of digging (10)
 T - a wand of flame (6)
 U - a wand of acid (4)
Scrolls
 j - 4 scrolls of vulnerability
 l - 2 scrolls of amnesia
 x - 4 scrolls of brand weapon
 B - a scroll of holy word
 C - a scroll of teleportation
 G - 5 scrolls of immolation
 K - 10 scrolls of identify
 L - 2 scrolls of blinking
 N - 5 scrolls of magic mapping
 O - a scroll of silence
 V - 2 scrolls of fog
 Y - a scroll of acquirement {unknown}
Potions
 b - a potion of flight
 e - 4 potions of brilliance
 k - 3 potions of lignification
 q - 3 potions of mutation
 s - 7 potions of cancellation
 t - a potion of ambrosia
 u - 13 potions of attraction
 J - 4 potions of magic
 X - a potion of invisibility
Miscellaneous
 F - a tin of tremorstones (1/2)
 P - a box of beasts


   Skills:
 + Level 17.4 Fighting
 - Level 10.0 Armour
 + Level 17.4 Dodging
 - Level 2.0 Stealth
 + Level 17.4 Unarmed Combat
 - Level 10.0 Invocations


You had 17 spell levels left.
You didn't know any spells.
Your spell library contained the following spells:

 Spells                   Type           Power      Damage    Failure   Level
 Animate Skeleton         Necr           0%         N/A       38%         1
 Apportation              Tloc           0%         N/A       38%         1
 Foxfire                  Conj/Fire      0%         2x1d4     38%         1
 Summon Small Mammal      Summ           0%         N/A       38%         1
 Corpse Rot               Necr/Air       0%         N/A       52%         2
 Poisonous Vapours        Pois/Air       0%         N/A       52%         2
 Scorch                   Fire           0%         2d5       52%         2
 Sublimation of Blood     Necr           0%         N/A       52%         2
 Call Canine Familiar     Summ           0%         N/A       77%         3
 Conjure Flame            Conj/Fire      0%         6-21      77%         3
 Inner Flame              Hex/Fire       0%         N/A       77%         3
 Summon Guardian Golem    Hex/Summ       0%         N/A       77%         3
 Tukima's Dance           Hex            0%         N/A       77%         3
 Airstrike                Air            0%         N/A       99%         4
 Anguish                  Hex/Necr       0%         N/A       99%         4
 Flame Wave               Conj/Fire      0%         2d4       99%         4
 Olgreb's Toxic Radiance  Pois           0%         N/A       99%         4
 Passage of Golubria      Tloc           0%         N/A       99%         4
 Petrify                  Tmut/Erth      0%         N/A       99%         4
 Summon Lightning Spire   Summ/Air       0%         N/A       99%         4
 Irradiate                Conj/Tmut      0%         3d13      100%        5
 Lightning Bolt           Conj/Air       0%         1d11      100%        5
 Yara's Violent Unravell  Hex/Tmut       0%         3d3       100%        5
 Summon Cactus Giant      Summ           0%         N/A       100%        6
 Enfeeble                 Hex            0%         N/A       100%        7
 Ozocubu's Refrigeration  Ice            0%         4d5       100%        7
 Ignition                 Fire           0%         3d3       100%        8


Dungeon Overview and Level Annotations

Branches:
Dungeon (15/15)            Temple (1/1) D:5            Lair (6/6) D:9
 Shoals (4/4) Lair:4        Snake (1/4) Lair:3        Slime (0/5) Lair:6
    Orc (0/2) D:10         Vaults (0/5) D:13         Depths (0/4) D:15
Ossuary (visited)           IceCv (visited)

Altars:
Ashenzari
Cheibriados
Dithmenos
Elyvilon
Fedhas
Gozag
Hepliaklqana
Makhleb
Nemelex Xobeh
Okawaru
Qazlal
Ru
Trog
Uskayaw
Vehumet
Wu Jian
Yredelemnul
Zin
The Shining One
Beogh
Jiyva

Shops:
D:6 *   Shoals:3 ?

Portals:
Hell: Lair:6

Annotations:
Snake:1 Aizul


Innate Abilities, Weirdness & Mutations

You are a tree.
Your roots penetrate the ground, keeping you stationary.
You cannot be teleported.
You are immune to unholy pain and torment.
Your maximum health is greatly increased.
Your equipment is partially melded.
You possess an exceptional clarity of mind.
You are dopey. (Int -2)


Message History

The bolt of acid misses Aizul.
Aizul hits you.
* * * LOW HITPOINT WARNING * * *
Aizul coils herself and waves her upper body at you.
The poison arrow hits you but does no damage.
You are lethally poisoned!
Okay, then.
Okay, then.
Okay, then.
You punch Aizul!
Aizul is almost dead.
* * * LOW HITPOINT WARNING * * *
You feel very sick. Aizul casts a spell at you. The poison arrow misses you.
Okay, then.
You are confused.
You feel invigorated.
* * * LOW HITPOINT WARNING * * *
You feel very sick. Aizul completely misses you.
You bump into the rock wall.
* * * LOW HITPOINT WARNING * * *
You feel very sick.
Aizul coils herself and waves her upper body at you.
The bolt of poison hits you!!
You are more poisoned.
Elyvilon protects you from harm! Aizul hits you but does no damage.
You are too confused!
Really quaff the potion of lignification?
You turn into a tree.
Your +1 cloak melds into your body.
Your +2 helmet melds into your body.
Your +1 pair of gloves melds into your body.
Your +2 pair of boots of rampaging melds into your body.
Your +6 scale mail of cold resistance melds into your body.
You no longer feel able to rampage towards enemies.
You feel less resistant to cold.
Your roots penetrate the ground.
You feel less invigorated.
You feel less confused.
You die...

### ### ####.# ## ###
#.# #.#.## #. .).. #.#
#####..# ##.
.....##.####...##.####.#
.....(..##......#.##....
......S♣.......##.....#.
......##.......#.##...##
....# #........####..##
..# #.......## #.##. .
#.....#.## ##.#.
.......#..# #.#.
.##....###.# ##...
###......####.#..
###......#.###.


You could see Aizul.

Vanquished Creatures
  A lich (IceCv)
  Jorgrun (D:14)
  An azure jelly (Lair:6)
  The ghost of Senossui the Brawler, a journeyman TrMo of Qazlal (D:12)
  2 stone giants
  Nessos (Lair:6)
  Azrael (Snake:1)
  4 merfolk javelineers
  6 merfolk impalers
  The ghost of kalagan the Thaumaturge, a journeyman DECj of Sif Muna (Lair:6)
  3 boulder beetles
  2 naga warriors (Snake:1)
  6 hydras
  A hell beast (Lair:6)
  2 caustic shrike simulacra (IceCv)
  A merfolk avatar (Shoals:4)
  An alligator snapping turtle (Shoals:4)
  7 centaur warriors
  A death knight (D:15)
  7 tengu warriors
  A satyr (Shoals:4)
  5 two-headed ogres
  5 merfolk aquamancers
  A catoblepas (Lair:3)
  An alligator (Lair:6)
  An anaconda (Snake:1)
  7 death yaks
  A shock serpent (Snake:1)
  7 skeletal warriors
  14 sea snakes
  A deep troll (D:15)
  An obsidian statue (IceCv)
  3 bog bodies (IceCv)
  A naga ritualist (Snake:1)
  A necromancer (IceCv)
  3 wizards
  16 harpies
  4 deep elf pyromancers
  An orc knight (D:12)
  4 mana vipers (Snake:1)
  9 ugly things
  16 manticores
  An oklob plant (Lair:4)
  2 fauns (Shoals:2)
  11 cyclopes
  13 elephants
  A guardian serpent (Snake:1)
  8 merfolk sirens
  2 naga magi (Snake:1)
  2 orange demons (Lair:6)
  Maurice (D:8)
  An ice statue (D:14)
  9 water nymphs
  8 black mambas
  Maggie (D:8)
  18 cane toads
  8 rime drakes
  An unseen horror (D:11)
  10 komodo dragons
  An entropy weaver simulacrum (IceCv)
  A komodo dragon (shapeshifter) (D:15)
  14 freezing wraiths
  4 yaktaurs
  A hellwing (Lair:6)
  A kobold demonologist (D:13)
  A golden dragon simulacrum (IceCv)
  2 anaconda simulacra (IceCv)
  2 guardian mummies (D:12)
  4 ice devils
  3 trolls
  2 polar bears
  38 merfolk
  5 meliai
  7 wind drakes
  A hornet (D:8)
  A wolf spider simulacrum (D:13)
  4 slime creatures (Lair:6)
  2 dream sheep (Shoals:3)
  10 blink frogs
  A snapping turtle (Shoals:1)
  7 centaur simulacra
  3 water elementals (Shoals:4)
  6 wraiths
  5 dire elephant simulacra (IceCv)
  8 wyverns
  36 yaks
  A hog (Lair:4)
  8 basilisks
  3 fire elementals (Snake:1)
  2 steam dragons
  3 vampire mosquitoes (D:13)
  A warg (D:10)
  A minotaur simulacrum (IceCv)
  4 harpy simulacra (IceCv)
  2 nagas (Snake:1)
  Edmund (D:6)
  17 water moccasins
  A hydra simulacrum (IceCv)
  6 hell hounds
  Duvessa (D:7)
  5 orc warriors
  A sky beast (D:7)
  2 black bears
  4 alligator simulacra (IceCv)
  2 ice beasts
  An ettin simulacrum (IceCv)
  3 ogres
  13 wolves
  The ghost of Tali the Chopper, an amateur DsBe of Trog (D:3)
  16 centaurs
  5 kobold brigands
  10 bullfrogs
  2 scorpions (D:5)
  2 wyvern zombies
  2 deep troll simulacra (IceCv)
  A gnoll sergeant (D:8)
  2 elf zombies (Ossuary)
  2 water moccasin zombies
  Dowan (D:7)
  A hornet simulacrum (D:13)
  2 lindwurm simulacra (IceCv)
  7 killer bees (D:9)
  8 wights
  2 electric eels
  A lava snake (D:15)
  2 bullfrog zombies (D:7)
  3 hounds
  5 jellies
  A centaur skeleton (D:5)
  15 centaur zombies
  7 orc priests
  Jessica (D:2)
  A bullfrog skeleton (D:4)
  3 iguanas
  10 orc wizards
  7 hell rats
  2 hound zombies (Ossuary)
  2 hound skeletons (D:5)
  4 mummies
  3 howler monkey zombies
  7 gnolls
  6 adders
  2 white imps
  An ufetubus (D:4)
  An adder skeleton (D:4)
  2 adder zombies (Ossuary)
  5 dart slugs
  53 orcs
  7 ball pythons
  14 endoplasms
  A giant cockroach (D:1)
  2 gnoll zombies (Ossuary)
  6 goblins
  5 hobgoblins
  4 jackals (D:4)
  11 kobolds
  8 quokkas
  4 bats
  4 frilled lizards
  3 goblin zombies (Ossuary)
  3 hobgoblin zombies (Ossuary)
  4 jackal zombies (Ossuary)
  A kobold zombie (Ossuary)
  2 orc zombies (Ossuary)
  8 quokka zombies (Ossuary)
  5 rats
  4 rat zombies (Ossuary)
  A butterfly (Lair:2)
807 creatures vanquished.

Vanquished Creatures (collateral kills)
  Kirke (Lair:4)
  A merfolk impaler (Shoals:4)
  A merfolk avatar (Shoals:4)
  A sea snake (Shoals:4)
  A bog body (IceCv)
  2 spriggan simulacra (IceCv)
  2 freezing wraiths (IceCv)
  2 merfolk (Shoals:4)
  A hog (Lair:4)
12 creatures vanquished.

Vanquished Creatures (others)
  A caustic shrike simulacrum (IceCv)
  A catoblepas (Lair:3)
  A death yak (Lair:5)
  A wizard (D:15)
  An ugly thing (D:14)
  A black mamba (Snake:1)
  3 humans (Lair:4)
  A harpy simulacrum (IceCv)
  An orc wizard (D:8)
  A quokka (D:12)
  A bush (Lair:5)
  28 fungi
  103 plants
144 creatures vanquished.

Grand Total: 963 creatures vanquished

Notes
Turn   | Place    | Note
-------+----------+-------------------------------------------
     0 | D:1      | Gabide the Human Monk began the quest for the Orb.
     0 | D:1      | Reached XP level 1. HP: 18/18 MP: 1/1
   132 | D:1      | Reached XP level 2. HP: 17/24 MP: 2/2
   472 | D:1      | Found a faded altar of an unknown god.
  1074 | D:1      | Noticed an orc warrior
  1091 | D:1      | Reached XP level 3. HP: 27/29 MP: 3/3
  1381 | D:2      | Identified the +3 whip "Orb Guardian's Curse" {drain, MP+9}
  1415 | D:2      | Noticed Jessica
  1433 | D:2      | Killed Jessica
  1434 | D:2      | Reached XP level 4. HP: 19/35 MP: 2/4
  1881 | D:2      | You fall into a shaft and drop 1 floor!
  2056 | D:3      | Found a runed translucent door.
  2187 | D:3      | Noticed Tali's ghost (amateur DsBe)
  2238 | D:2      | Noticed an ogre
  2586 | D:2      | Reached XP level 5. HP: 42/42 MP: 5/5
  2617 | D:2      | HP: 2/42 [ogre/+0 giant club (7)]
  3976 | D:2      | Reached XP level 6. HP: 46/48 MP: 6/6
  5666 | D:5      | Entered Level 5 of the Dungeon
  5712 | D:5      | Found a staircase to the Ecumenical Temple.
  5741 | D:5      | Reached XP level 7. HP: 43/55 MP: 5/7
  5821 | Temple   | Entered the Ecumenical Temple
  5832 | Temple   | Became a worshipper of Elyvilon the Healer
  5832 | Temple   | Reached * piety under Elyvilon
  5832 | Temple   | Reached ** piety under Elyvilon
  5934 | D:5      | Reached skill level 5 in Fighting
  5934 | D:5      | Reached skill level 5 in Unarmed Combat
  6408 | D:5      | Found an ornate altar of the Wu Jian Council.
  7408 | D:5      | Reached XP level 8. HP: 53/64 MP: 5/8
  7855 | D:6      | Found Poetozit's Assorted Antiques.
  7861 | D:6      | Bought a helmet for 148 gold pieces
  7902 | D:6      | Found a snail-covered altar of Cheibriados.
  7935 | D:6      | Found a sand-covered staircase.
  7950 | Ossuary  | Entered an ossuary
  8174 | Ossuary  | Reached skill level 5 in Dodging
  8495 | D:6      | Noticed Edmund
  8510 | D:6      | Killed Edmund
  8626 | D:6      | Reached XP level 9. HP: 47/72 MP: 5/9
  8757 | D:6      | Reached *** piety under Elyvilon
 10250 | D:3      | Killed Tali's ghost
 10701 | D:7      | Noticed Dowan
 10711 | D:7      | Noticed Duvessa
 10723 | D:7      | Killed Duvessa
 10729 | D:7      | Killed Dowan
 10885 | D:7      | Noticed a two-headed ogre
 10943 | D:7      | Killed a two-headed ogre
 10944 | D:7      | Reached XP level 10. HP: 23/80 MP: 3/10
 11205 | D:7      | Reached **** piety under Elyvilon
 11335 | D:7      | Found a bloodstained altar of Trog.
 11368 | D:7      | Reached skill level 1 in Invocations
 11617 | D:7      | Found a radiant altar of Vehumet.
 11767 | D:7      | Found a basalt altar of Yredelemnul.
 12124 | D:7      | Reached skill level 5 in Armour
 12154 | D:7      | Found a sacrificial altar of Ru.
 12432 | D:8      | Found a broken altar of Ashenzari.
 12454 | D:8      | Noticed Maurice
 12493 | D:8      | Killed Maurice
 12520 | D:8      | Reached ***** piety under Elyvilon
 12539 | D:8      | Found a stormy altar of Qazlal.
 12980 | D:8      | Reached skill level 5 in Invocations
 13376 | D:8      | Noticed Maggie
 13400 | D:8      | Killed Maggie
 13706 | D:9      | Found Zin's Purification Station.
 13709 | D:9      | Found a glowing silver altar of Zin.
 13714 | D:9      | Bought a potion of curing for 90 gold pieces
 13725 | D:9      | Noticed a cyclops
 13745 | D:9      | Killed a cyclops
 14027 | D:9      | Reached XP level 11. HP: 86/86 MP: 15/15
 14329 | D:9      | Noticed a death yak
 14351 | D:9      | Pacified a death yak
 14399 | D:9      | Found a staircase to the Lair.
 14403 | D:9      | Noticed a death yak
 14403 | D:9      | Noticed a death yak
 14408 | D:9      | Pacified a death yak
 14409 | D:9      | Pacified a death yak
 14804 | D:9      | Found a glowing golden altar of the Shining One.
 15262 | D:9      | Noticed a centaur warrior
 15271 | D:9      | Killed a centaur warrior
 15541 | Lair:1   | Entered Level 1 of the Lair of Beasts
 16293 | Lair:1   | Noticed a seven-headed hydra
 16295 | Lair:1   | Pacified a seven-headed hydra
 16296 | Lair:1   | Reached skill level 10 in Fighting
 16296 | Lair:1   | Reached skill level 10 in Dodging
 16296 | Lair:1   | Reached skill level 10 in Unarmed Combat
 16296 | Lair:1   | Reached XP level 12. HP: 97/97 MP: 11/16
 16590 | Lair:1   | Noticed an eight-headed hydra
 16591 | Lair:1   | Pacified an eight-headed hydra
 17099 | Lair:2   | Noticed a four-headed hydra
 17122 | Lair:2   | Pacified a four-headed hydra
 18218 | Lair:3   | You fall into a shaft and drop 1 floor!
 18295 | Lair:4   | Noticed a six-headed hydra
 18296 | Lair:4   | Pacified a six-headed hydra
 18317 | Lair:4   | Noticed an eight-headed hydra
 18321 | Lair:4   | Pacified an eight-headed hydra
 18483 | Lair:4   | Noticed Kirke
 18502 | Lair:4   | Killed Kirke
 18678 | Lair:4   | Reached XP level 13. HP: 28/106 MP: 14/17
 19052 | Lair:4   | Found a staircase to the Shoals.
 19888 | Lair:5   | Noticed a six-headed hydra
 19890 | Lair:5   | Pacified a six-headed hydra
 20556 | Lair:6   | Entered Level 6 of the Lair of Beasts
 21044 | Lair:5   | Reached XP level 14. HP: 80/116 MP: 18/18
 21151 | Lair:6   | Found a staircase to the Slime Pits.
 21151 | Lair:6   | Found a viscous altar of Jiyva.
 21164 | Lair:6   | Noticed Nessos
 21199 | Lair:6   | Killed Nessos
 21674 | Lair:6   | Found a runed translucent door.
 22190 | Lair:6   | Found a burning altar of Makhleb.
 22436 | Lair:6   | Noticed an azure jelly
 22458 | Lair:6   | Killed an azure jelly
 22960 | Lair:6   | Noticed kalagan's ghost (journeyman DECj)
 23233 | Lair:6   | Found a gateway to Hell.
 23427 | Lair:6   | Killed kalagan's ghost
 23640 | Lair:3   | Found a staircase to the Snake Pit.
 23965 | Lair:3   | Reached XP level 15. HP: 43/124 MP: 7/21
 25383 | D:10     | Entered Level 10 of the Dungeon
 25660 | D:10     | Found a staircase to the Orcish Mines.
 26028 | D:10     | Found an opulent altar of Gozag.
 26029 | D:10     | Found a shadowy altar of Dithmenos.
 26117 | D:10     | Found a hide-covered altar of Uskayaw.
 27166 | D:12     | Identified the +6 scimitar of a ziggurat {vorpal, rF+
                  | Str+4}
 27358 | D:12     | Noticed Sonja
 27359 | D:12     | Pacified Sonja
 27721 | D:12     | Found a portal to a secret trove of treasure.
 28003 | D:12     | Found a white marble altar of Elyvilon.
 28766 | D:13     | Found a gate to the Vaults.
 28893 | D:13     | Found a runed translucent gate.
 28893 | D:13     | Found a runed translucent gate.
 28893 | D:13     | Found a runed translucent gate.
 28933 | D:13     | Noticed Senossui's ghost (journeyman TrMo)
 29995 | D:14     | Found a frozen archway.
 30018 | D:14     | Reached XP level 16. HP: 95/134 MP: 22/22
 30034 | IceCv    | Entered an ice cave
 30158 | IceCv    | Reached skill level 15 in Fighting
 30158 | IceCv    | Reached skill level 15 in Dodging
 30158 | IceCv    | Reached skill level 15 in Unarmed Combat
 31038 | IceCv    | Identified the +0 ice dragon scales of Wetyskoero {rF- rC++
                  | MP+9}
 31225 | IceCv    | Gained mutation: You sometimes lose the ability to read
                  | scrolls when taking damage. [a neqoxec]
 31226 | IceCv    | Lost mutation: You sometimes lose the ability to read
                  | scrolls when taking damage. [potion of mutation]
 31226 | IceCv    | Gained mutation: You are dopey. (Int -2) [potion of
                  | mutation]
 31226 | IceCv    | Gained mutation: You possess an exceptional clarity of
                  | mind. [potion of mutation]
 31363 | IceCv    | Found an ancient bone altar of Kikubaaqudgha.
 31406 | IceCv    | Identified the +2 pair of boots of Impressiveness {Fly rC-
                  | rCorr Slay-3}
 31603 | IceCv    | Noticed a lich
 31614 | IceCv    | Reached skill level 10 in Armour
 31626 | IceCv    | Killed a lich
 31873 | D:14     | Found a faded altar of an unknown god.
 31873 | D:14     | Found a faded altar of an unknown god.
 31875 | D:14     | Found a hazy altar of Hepliaklqana.
 32120 | D:14     | Noticed Jorgrun
 32147 | D:14     | Killed Jorgrun
 32750 | Shoals:1 | Entered Level 1 of the Shoals
 32884 | Shoals:1 | HP: 4/136 [merfolk siren/+0 trident (10)]
 32884 | Shoals:1 | Elyvilon protects you from harm!
 32942 | Shoals:1 | Reached skill level 10 in Invocations
 33600 | D:13     | Got the ring of Naotz {Fire rElec}
 33782 | D:6      | Bought a potion of heal wounds for 165 gold pieces
 35366 | Shoals:2 | Reached XP level 17. HP: 123/142 MP: 24/24
 36340 | Shoals:3 | Found Tuxtymn's Magic Scroll Boutique.
 36385 | Shoals:3 | Bought a scroll of enchant weapon for 112 gold pieces
 36385 | Shoals:3 | Bought a scroll of enchant weapon for 112 gold pieces
 36385 | Shoals:3 | Bought a scroll of blinking for 112 gold pieces
 36385 | Shoals:3 | Bought a scroll of summoning for 142 gold pieces
 36385 | Shoals:3 | Bought a scroll of fear for 52 gold pieces
 36385 | Shoals:3 | Bought a scroll of identify for 30 gold pieces
 36385 | Shoals:3 | Bought a scroll of blinking for 112 gold pieces
 37779 | Shoals:4 | Entered Level 4 of the Shoals
 37872 | Shoals:4 | HP: 4/144 [barbs]
 38608 | Shoals:4 | Identified the ring "Oblaj" {rC+ Int-3 Dex+3 SInv}
 39045 | Shoals:4 | HP: 2/144 [water nymph/the raging water (25)]
 40143 | Shoals:4 | Reached XP level 18. HP: 147/153 MP: 25/25
 40262 | Shoals:4 | Got a barnacled rune of Zot
 40417 | Shoals:4 | Identified the +7 morningstar of the Lusting Goat {vorpal,
                  | rElec MP-9 Dex+8}
 40588 | Shoals:4 | HP: 7/153 [poisoned by a sea snake]
 40592 | Shoals:4 | HP: 3/153 [poisoned by a sea snake]
 40597 | Shoals:4 | HP: 4/153 [poisoned by a sea snake]
 41122 | D:12     | You paid a toll of a +5 demon trident to enter a treasure
                  | trove
 41123 | Trove    | Entered a treasure trove
 41155 | Trove    | Identified the +5 chain mail "Wennac" {-Cast Will+ rCorr}
 41177 | Trove    | Identified the amulet of Free Will {Acrobat rCorr Dex+3}
 41179 | Trove    | Identified the amulet of Engatokh {Spirit -Cast Str+3
                  | Dex+4}
 41508 | D:12     | Killed Senossui's ghost
 42170 | D:15     | Entered Level 15 of the Dungeon
 43397 | D:15     | Found a staircase to the Depths.
 44197 | Snake:1  | Entered Level 1 of the Snake Pit
 44203 | Snake:1  | Noticed Azrael
 44224 | Snake:1  | Killed Azrael
 44394 | Snake:1  | Noticed Aizul
 45769 | Snake:1  | HP: 2/155 [Aizul/bolt of poison (31)]
 45774 | Snake:1  | HP: 1/155 [poisoned by Aizul (poison arrow)]
 45775 | Snake:1  | Elyvilon protects you from harm!
 45776 | Snake:1  | Succumbed to Aizul's bolt of poison

Illustrated notes

Levels and vault maps discovered:
D:1:      erik_arrival_cave_to_civilisation [erik_arrival_cave_to_temple],
          layout_basic, hellmonk_ecumenical_altar_slurped_away,
          nrook_loot_triangle, minmay_misc_feat_alley, minmay_misc_feat_pillars,
          st_stairs_13, minmay_door_square
D:2:      layout_basic, uniq_jessica
D:3:      layout_basic, serial_curves, eino_curves_03, eino_curves_02,
          eino_curves_01, ebering_ghost_reflecting_pool, kennysheep_potato
D:4:      layout_gridville, hangedman_decor_clover_reticule
D:5:      layout_loops_corners, marbit_many_paths, minmay_temple_entry_mist,
          grunt_decor_fettered
D:6:      layout_basic, slow_altar_1, serial_shops,
          nicolae_shop_temple_entry_statues_fountains, serial_co_window_serial,
          co_window_corner_a, co_window_paths_a, co_window_paths_a,
          co_window_of_opportunity_a, co_window_of_opportunity_a,
          co_window_of_opportunity_a, co_window_cross_1, co_window_corner_b,
          co_window_corner_cb, co_window_broadway_a, co_window_corner_cb,
          co_window_paths_d, glass_columns_a, glass_columns_c, glass_columns_a,
          glass_columns_c, glass_columns_b, enter_ossuary_3,
          minmay_misc_feat_tiny, minmay_misc_feat_cross, uniq_edmund
D:7:      layout_loops_corners, bloody_trog, nicolae_ru_path_of_blood,
          mainiacjoe_overflow_tiny_flanked, nicolae_yredelemnul_corpse_copse,
          uniq_duvessa
D:8:      layout_cave_pools, nicolae_qazlal_scattered_showers,
          ashenzari_conservatory_becter, uniq_maurice, uniq_maggie
D:9:      layout_irregular_city, zin_purify, old_standard_altar,
          dpeg_lair_monsters, enter_bailey_2, nicolae_water_bricks
D:10:     layout_basic, grunt_gozag_breadcrumbs, grunt_dithmenos_smoke,
          nicolae_uskayaw_dance_studio, erik_orc_3, nicolae_figureground_pulse
D:11:     layout_cave_pools
D:12:     layout_roguey, nicolae_trove_entry_path_of_doom, elyvilon_altar_4,
          uniq_sonja
D:13:     layout_loops_corners, hangedman_vaults_entry_quadrant_bands,
          gammafunk_ghost_icy, chequers_serial_rivers_micro_c,
          minmay_statues_item, kennysheep_cluttered_room
D:14:     layout_basic, portal_ice_cave_entry_ice_statue_one,
          nicolae_hepliaklqana_ecumenical_no_more, uniq_jorgrun
D:15:     hangedman_depths_entry_civil_slaughter, layout_stronghold,
          corexii_hall_statues_u, chequers_serial_rivers_marsh,
          kennysheep_inner_square
Temple:   compressed_dpeg_triangle_lava_temple
Lair:1:   layout_small_grid
Lair:2:   layout_cave_pods, nicolae_volcano_entry_hallway, lemuel_fruit_fields
Lair:3:   layout_hall_layers, dummy_snake_entry
Lair:4:   layout_big_grid, elwin_shoals_entry_stream, uniq_kirke
Lair:5:   layout_cave_shapes, grunt_megastairs_2, serial_bayou_shore_a
Lair:6:   evil_forest, layout_gridlike, slime_altar_1,
          ebering_ghost_inner_flame, st_stairs_4,
          chequers_serial_rivers_micro_b, nicolae_lair_time_for_slime,
          uniq_nessos
Shoals:1: cheibrodos_shoals_epimethial_gifts, layout_shoals
Shoals:2: layout_shoals, st_shoals_ruin
Shoals:3: layout_shoals, nicolae_stop_n_shop_2
Shoals:4: shoals_end_simple, layout_shoals
Snake:1:  layout_chambers, uniq_aizul, uniq_azrael

Skill      XL: |  1  2  3  4  5  6  7  8  9 10 11 12 13 14 15 16 17 18 |
---------------+-------------------------------------------------------+-----
Armour         | 2 3 6 8 10 | 10.0
Fighting       | 4 5 7 8 10 11 12 13 14 15 16 17 | 17.4
Unarmed Combat | 4 5 7 8 10 11 12 13 14 15 16 17 | 17.4
Dodging        | 4 5 8 10 11 12 13 14 15 16 17 | 17.4
Invocations    | 6 8 10 | 10.0
Stealth        | |  2.0

Action                   |  1- 3 |  4- 6 |  7- 9 | 10-12 | 13-15 | 16-18 || total
-------------------------+-------+-------+-------+-------+-------+-------++-------
Melee: Unarmed           |    89 |   338 |   296 |   700 |  1879 |  1927 ||  5229
       Punch             |     3 |    13 |    26 |    73 |   255 |   279 ||   649
       Short sword       |       |       |   198 |    64 |     7 |       ||   269
Throw: Dart              |       |       |       |    12 |     9 |    34 ||    55
       Boomerang         |       |       |       |     1 |    10 |     8 ||    19
       Throwing net      |       |       |       |       |       |     5 ||     5
Invok: Purification      |       |       |     1 |     4 |     6 |     6 ||    17
       Heal Self         |       |       |       |     2 |     8 |    19 ||    29
       Heal Other        |       |       |       |    20 |    18 |    20 ||    58
Evoke: Wand              |       |       |     5 |    11 |     8 |    52 ||    76
       Box of beasts     |       |       |       |     1 |       |     4 ||     5
       Tin of tremorston |       |       |       |       |       |     4 ||     4
  Use: Scroll            |     4 |     7 |     9 |     7 |    12 |    27 ||    66
       Potion            |       |     2 |     5 |     2 |     6 |    23 ||    38
 Stab: Sleeping          |     3 |       |       |       |       |       ||     3
       Invisible         |       |       |     2 |       |       |       ||     2
       Held in net/web   |       |       |       |       |       |     2 ||     2
       Distracted        |       |       |       |       |       |     2 ||     2
Armor: Robe              |     5 |       |       |       |       |       ||     5
       Leather armour    |     8 |       |       |       |       |       ||     8
       Scale mail        |    12 |   140 |   286 |   362 |  1025 |   938 ||  2763
       Skin              |       |       |     6 |       |    32 |       ||    38
Dodge: Dodged            |    40 |   155 |   287 |   482 |  1385 |  1795 ||  4144
